 Dungeon Sprint DCSS version 0.29-a0-542-g075992c915 (webtiles) character file.

Game seed: 14855827749579353321

742 rocky1 the Reanimator (level 7, -7/49 HPs)
             Began as a Demonspawn Necromancer on June 5, 2022.
             Was a High Priest of Sif Muna.
             Mangled by a wight
             ... wielding a +3 halberd
              (28 damage)
             ... in the Dungeon (Sprint VII: "The Pits").
             The game lasted 00:05:44 (984 turns).

rocky1 the Reanimator (Demonspawn Necromancer)       Turns: 984, Time: 00:05:44

Health: -7/49      AC:  3    Str:  8    XL:     7   Next: 47%
Magic:  13/17      EV:  2    Int: 18    God:    Sif Muna [*****.]
Gold:   0          SH:  0    Dex: 14    Spells: 6/19 levels left

rFire   . . .      SeeInvis .   l - +0 quarterstaff (protect)
rCold   . . .      Faith    .   (shield currently unavailable)
rNeg    . . .      Spirit   .   a - +0 robe
rPois   .          Reflect  .   (no helmet)
rElec   .          Harm     .   (no cloak)
rCorr   .          Rampage  .   (no gloves)
Will    .....      NoTele   +   (no boots)
Stlth   ++........              (no amulet)
HPRegen 0.16/turn               (no ring)
MPRegen 0.15/turn               (no ring)

@: sleeping, animating dead
A: rugged brown scales 1, foul stench 1, spiny 1, weakness stinger 2
a: Renounce Religion, Channel Magic, Forget Spell, Divine Exegesis


You were in the Dungeon.
You worshipped Sif Muna.
Sif Muna was extremely pleased with you.
You visited 1 branch

Inventory:

Hand Weapons
 k - a +2 quarterstaff
 l - a +0 quarterstaff of protection (weapon)
Armour
 a - a +0 robe (worn)
Scrolls
 g - a scroll of blinking
 i - 5 scrolls of amnesia
 j - a scroll of summoning
Potions
 b - 5 potions of magic
 c - 6 potions of curing
 d - 6 potions of heal wounds
 e - a potion of haste
 f - 3 potions of berserk rage
 h - 2 potions of invisibility


   Skills:
 + Level 1.3 Fighting
 - Level 1.7 Dodging
 - Level 1.7 Stealth
 + Level 6.6 Spellcasting
 + Level 14.8 Necromancy
 + Level 8.9 Invocations


You had 6 spell levels left.
You knew the following spells:

 Your Spells              Type           Power      Damage    Failure   Level
a - Necrotize             Necr           100%       1d9       1%          1
b - Vampiric Draining     Necr           56%        2d10      1%          3
c - Animate Dead          Necr           56%        N/A       1%          4
d - Agony                 Necr           56%        N/A       1%          5

Your spell library contained the following spells:

 Spells                   Type           Power      Damage    Failure   Level
 Sublimation of Blood     Necr           56%        N/A       1%          2
 Wereblood                Tmut           6%         N/A       17%         2
 Summon Hydra             Summ           3%         N/A       100%        7


Dungeon Overview and Level Annotations

Branches:
Dungeon (1/1)

Altars:
Ashenzari
Cheibriados
Dithmenos
Elyvilon
Fedhas
Gozag
Hepliaklqana
Kikubaaqudgha
Makhleb
Nemelex Xobeh
Okawaru
Qazlal
Ru
Sif Muna
Trog
Uskayaw
Vehumet
Wu Jian
Xom
Yredelemnul
Zin
The Shining One
Beogh
Jiyva
Lugonu


Innate Abilities, Weirdness & Mutations

You are partially covered in rugged brown scales. (AC +1, +3% HP)
You may rarely emit foul miasma when damaged in melee.
You are partially covered in sharp spines.
You have a tail ending in a sharp stinger.


Message History

You barely miss the gnoll.
Your tail-slap misses the gnoll.
The gnoll is heavily wounded.
The gnoll is struck by your spines. The gnoll hits you with a +0 club.
Your gnoll zombie barely misses the gnoll.
You hit the gnoll.
Your weapon exudes an aura of protection.
You kill the gnoll!
Sif Muna accepts your kill.
Sif Muna will now gift you books as you gain piety.
You see here a book of Blood.
Sif Muna grants you a gift!
The dead are walking!
You swap places.
You see here a +0 club.
You swap places.
You pick up a book of Blood and begin reading...
You add the spells Sublimation of Blood, Wereblood and Summon Hydra to your library.
There is an open door here.
There are no items here.
You swap places.
You see here a +0 club.
You swap places.
There is an open door, spattered with blood here.
Items here: ))) [.
You swap places.
You see here a +0 club.
You open the door. 5 wights, a phantom and 4 dream sheep come into view.
The dream sheep bleats! x2; You hear a bleat!
The dream sheep bleats!
A dream sheep comes into view.
Unknown command.
The dream sheep shake their wool and sparkle.
You feel drowsy...
You fall asleep.
Your gnoll zombie barely misses the wight.
The dream sheep barely misses your gnoll zombie.
The dream sheep bites your gnoll zombie.
Your gnoll zombie hits the dream sheep but does no damage.
The wight hits you from afar with a +3 halberd!!
Ouch! That really hurt!
You die...

#.#.....#'###...<...#
#.#........##.......#
#.#........##.......#
#'###########.......#
#..#.#.##.. #########
#..)....#.# ###
##.#.#.##.# ...#
#.......#Z#zz..#
##.#.#.##@ZYYW.+
#.......#'#YYz.#
##.#.#..รท.# z..#
########## ###


You could see a phantom, 4 dream sheep, 4 wights and 2 friendly gnoll zombies.

Vanquished Creatures
  A tarantella (D)
  A floating eye (D)
  A sky beast (D)
  A wolf (D)
  A kobold brigand (D)
  A gnoll shaman (D)
  4 gnolls (D)
  2 adders (D)
  A bat zombie (D)
  A giant cockroach (D)
  A goblin (D)
  A quokka (D)
  A ball python skeleton (D)
  A frilled lizard (D)
  A quokka zombie (D)
19 creatures vanquished.

Vanquished Creatures (collateral kills)
  A water moccasin (D)
  A gnoll (D)
2 creatures vanquished.

Vanquished Creatures (others)
  2 gnoll zombies (D)
2 creatures vanquished.

Grand Total: 23 creatures vanquished

Notes
Turn   | Place    | Note
-------+----------+-------------------------------------------
     0 | D        | rocky1 the Demonspawn Necromancer began the quest for the
                  | Orb.
     0 | D        | Reached XP level 1. HP: 13/13 MP: 3/3
    11 | D        | Noticed a floating eye
    16 | D        | Paralysed by a floating eye for 2 turns
    20 | D        | Paralysed by a floating eye for 2 turns
    24 | D        | Paralysed by a floating eye for 3 turns
    31 | D        | Paralysed by a floating eye for 3 turns
    34 | D        | Killed a floating eye
    35 | D        | Reached skill level 10 in Necromancy
    35 | D        | Gained mutation: You have a small tail. [demonic ancestry]
    35 | D        | Reached XP level 2. HP: 19/19 MP: 5/5
    35 | D        | Gained mutation: You have a tail ending in a sharp stinger.
                  | [demonic ancestry]
    35 | D        | Reached XP level 3. HP: 24/24 MP: 6/6
    35 | D        | Gained mutation: You are partially covered in rugged brown
                  | scales. (AC +1, +3% HP) [demonic ancestry]
    35 | D        | Reached XP level 4. HP: 24/30 MP: 7/7
    39 | D        | Found a bloodstained altar of Trog.
    39 | D        | Found a shimmering blue altar of Sif Muna.
    39 | D        | Found a viscous altar of Jiyva.
    39 | D        | Found a hazy altar of Hepliaklqana.
    39 | D        | Found an opulent altar of Gozag.
    40 | D        | Found a basalt altar of Yredelemnul.
    40 | D        | Found a shimmering altar of Xom.
    40 | D        | Found an ornate altar of the Wu Jian Council.
    40 | D        | Found a sacrificial altar of Ru.
    40 | D        | Found a stormy altar of Qazlal.
    40 | D        | Found an iron altar of Okawaru.
    40 | D        | Found a sparkling altar of Nemelex Xobeh.
    40 | D        | Found a burning altar of Makhleb.
    40 | D        | Found a blossoming altar of Fedhas.
    40 | D        | Found a shadowy altar of Dithmenos.
    40 | D        | Found a snail-covered altar of Cheibriados.
    88 | D        | Found a radiant altar of Vehumet.
    88 | D        | Found a corrupted altar of Lugonu.
    89 | D        | Found a hide-covered altar of Uskayaw.
    89 | D        | Found an ancient bone altar of Kikubaaqudgha.
    89 | D        | Found a broken altar of Ashenzari.
    91 | D        | Became a worshipper of Sif Muna the Loreminder
   129 | D        | Learned a level 3 spell: Vampiric Draining
   155 | D        | Reached * piety under Sif Muna
   160 | D        | Reached skill level 11 in Necromancy
   184 | D        | Reached ** piety under Sif Muna
   185 | D        | Noticed a kobold brigand
   195 | D        | Killed a kobold brigand
   196 | D        | Reached skill level 12 in Necromancy
   196 | D        | Gained mutation: You are partially covered in sharp spines.
                  | [demonic ancestry]
   196 | D        | Reached XP level 5. HP: 21/36 MP: 1/8
   259 | D        | Learned a level 4 spell: Animate Dead
   449 | D        | Reached *** piety under Sif Muna
   450 | D        | Reached skill level 13 in Necromancy
   450 | D        | Reached skill level 1 in Invocations
   454 | D        | Noticed a water moccasin
   460 | D        | Killed a water moccasin
   461 | D        | Gained mutation: You may rarely emit foul miasma when
                  | damaged in melee. [demonic ancestry]
   461 | D        | Reached XP level 6. HP: 34/42 MP: 2/12
   462 | D        | Noticed a sky beast
   470 | D        | Killed a sky beast
   471 | D        | Reached skill level 5 in Spellcasting
   577 | D        | Reached **** piety under Sif Muna
   578 | D        | Reached skill level 14 in Necromancy
   740 | D        | Learned a level 5 spell: Agony
   740 | D        | Noticed a tarantella
   744 | D        | Killed a tarantella
   745 | D        | Reached XP level 7. HP: 47/47 MP: 0/16
   960 | D        | Reached skill level 1 in Fighting
   974 | D        | Reached ***** piety under Sif Muna
   974 | D        | Received a gift from Sif Muna
   981 | D        | Noticed a dream sheep
   981 | D        | Noticed a dream sheep
   981 | D        | Noticed a dream sheep
   981 | D        | Noticed a dream sheep
   981 | D        | Noticed a dream sheep
   984 | D        | Mangled by a wight

Illustrated notes

Levels and vault maps discovered:
D:        pitsprint [storerooms_1, entrance_room_1, metal_vault_6, armoury_3,
          mini_pit_1, grid_room_1, main_hall_1, silver_pit, the_coven_2,
          the_vestibule_1, steel_vault_3, golden_pit, hallway_of_sentries,
          crystal_vault_6, iron_vault_1, final_vault]

Skill      XL: |  1  2  3  4  5  6  7 |
---------------+----------------------+-----
Necromancy     | 10 12 13 14 | 14.8
Invocations    | 4 8 |  8.9
Spellcasting   | 4 6 |  6.6
Fighting       | 1 |  1.3
Dodging        | |  1.7
Stealth        | |  1.7

Action                   |  1- 3 |  4- 6 |  7- 9 || total
-------------------------+-------+-------+-------++-------
Melee: Unarmed           |    16 |       |       ||    16
       Punch             |     1 |       |       ||     1
       Quarterstaff      |       |    23 |     6 ||    29
       Tailslap          |       |     3 |     3 ||     6
 Cast: Necrotize         |       |    24 |     1 ||    25
       Vampiric Draining |       |     3 |     1 ||     4
       Agony             |       |     2 |       ||     2
       Animate Dead      |       |       |     1 ||     1
Armor: Robe              |       |    10 |     1 ||    11
Dodge: Dodged            |       |    30 |     7 ||    37

Table legend: (Time is in decaauts)
 A = Elapsed time spent in this place.
 B = Non-inter-level travel time spent in this place.
 C = Inter-level travel time spent in this place.
 D = Time resting spent in this place.
 E = Time spent auto-exploring this place.
 F = Levels seen in this place.
 G = Mean time per level.
                   A        B        C        D        E       F      G
               +--------+--------+--------+--------+--------+-----+--------+
         Total |    991 |    991 |      0 |    689 |      0 |   1 |  991.0 |
       Dungeon |    991 |    991 |      0 |    689 |      0 |   1 |  991.0 |
               +--------+--------+--------+--------+--------+-----+--------+

Top non-repeatable levels by time:
       D: 991 daAuts
